 Dungeon Crawl Stone Soup version 0.13.0-59-g13bd910 (webtiles) character file.

4952 Kae the Covert (level 10, -3/44 HPs)
             Began as a Spriggan Enchanter on Nov 21, 2013.
             Was a Believer of Vehumet.
             Killed from afar by an electric eel (11 damage)
             ... with a bolt of electricity
             ... on Level 11 of the Dungeon.
             The game lasted 00:24:49 (9714 turns).

Kae the Covert (Spriggan Enchanter)                 Turns: 9714, Time: 00:24:49

HP  -3/44        AC  4     Str  7      XL: 10   Next: 17%
MP  28/28        EV 18     Int 18      God: Vehumet [**....]
Gold 418         SH  0     Dex 16      Spells:  3 memorised, 17 levels left

Res.Fire  : . . .   See Invis. : +   a - +2,+1 dagger {=f}
Res.Cold  : . . .   Warding    : .   b - +2 robe
Life Prot.: . . .   Conserve   : .   (shield restricted)
Res.Poison: .       Res.Corr.  : .   (helmet restricted)
Res.Elec. : .       Clarity    : .   (no cloak)
Sust.Abil.: . .     Spirit.Shd : .   (gloves unavailable)
Res.Mut.  : .       Stasis     : +   (boots unavailable)
Res.Rott. : .       Flight     : .   j - cursed amulet of stasis
Saprovore : . . .                    I - ring of wizardry
                                     R - ring of protection from magic

@: burdened, very quick, very resistant to hostile enchantments, quite stealthy
A: unfitting armour, see invisible, herbivore 3, speed 3, slow metabolism 2
a: Renounce Religion


You were on level 11 of the Dungeon.
You worshipped Vehumet.
Vehumet was pleased with you.
You were encumbered.
You were hungry.

You visited 2 branches of the dungeon, and saw 12 of its levels.

You collected 398 gold pieces.

Inventory:

Hand weapons
 a - a +2,+1 dagger (weapon) {=f}
Missiles
 d - 51 darts (quivered)
 m - 2 darts of flame
 z - 4 darts of frost
Armour
 b - a +2 robe (worn)
Magical devices
 y - a wand of confusion (0)
 M - a wand of confusion (16)
 O - a wand of enslavement (8)
 T - a wand of draining (4)
Comestibles
 f - 6 royal jellies
 k - 2 bread rations
 J - a cheese
 Q - 8 grapes
 U - an apricot
Scrolls
 e - a scroll of enchant weapon I
 g - 3 scrolls of teleportation
 h - a scroll of identify
 l - 7 scrolls of remove curse {unknown}
 r - a scroll of enchant armour
 t - a scroll of fog
 x - 3 scrolls of noise
 A - a scroll of blinking
 K - a scroll of enchant weapon II
Jewellery
 j - a cursed amulet of stasis (around neck)
 s - an uncursed ring of sustain abilities
 I - a ring of wizardry (right hand)
 L - a cursed ring of sustain abilities
 R - a ring of protection from magic (left hand)
Potions
 i - 4 potions of might
 n - 5 potions of curing {unknown}
 o - 2 potions of heal wounds {unknown}
 p - a potion of poison {unknown}
 q - a potion of flight {unknown}
 u - 2 potions of cure mutation {unknown}
 v - 2 potions of berserk rage
 C - a potion of beneficial mutation {unknown}
 E - 3 potions of resistance
 F - a potion of slowing {unknown}
 H - a potion of restore abilities {unknown}
 N - a potion of magic {unknown}
 P - a potion of paralysis {unknown}
 S - 2 potions of speed {unknown}
Books
 c - a book of Maledictions

   Spells                             Type                      Level
   *Corona                            Hexes                        1
   Sure Blade                         Hexes/Charms                 2
   *Ensorcelled Hibernation           Hexes/Ice                    2
   *Confuse                           Hexes                        3
   Enslavement                        Hexes                        4
   Invisibility                       Hexes                        6


   Skills:
 * Level 9.1 Short Blades
 - Level 1.1 Throwing
 - Level 3.0 Dodging
 * Level 13.4 Stealth
 + Level 7.3 Spellcasting
 + Level 8.3 Hexes


You had 17 spell levels left.
You knew the following spells:

 Your Spells              Type           Power        Failure   Level  Hunger
a - Corona                Hex            #####..      1%          1    None
b - Ensorcelled Hibernat  Hex/Ice        ###...       1%          2    None
c - Confuse               Hex            #####...     1%          3    ##.....


Dungeon Overview and Level Annotations

Branches:
Dungeon (12/27)            Temple (1/1) D:7            Lair (0/8) D:9
    Orc: D:6-11

Altars:
Cheibriados
Elyvilon
Fedhas
Kikubaaqudgha
Makhleb
Nemelex Xobeh
Okawaru
Sif Muna
Trog
Vehumet
Xom
Yredelemnul
Zin
the Shining One
Lugonu

Shops:
D:6 }

Annotations:
D:1 1 exclusion
D:12 Joseph


Innate Abilities, Weirdness & Mutations

You are tiny and cannot use many weapons and most armour.
You have supernaturally acute eyesight.
You are a herbivore.
You cover ground extremely quickly.
You need consume almost no food.


Message History

Read which item? (? for menu, Esc to quit)
As you read the scroll of magic mapping, it crumbles to dust.
You feel aware of your surroundings.
You sensed 1 shop/portal.
The yak closely misses you. The yak misses you.
You hit the yak but do no damage. The yak closely misses you.
A hobgoblin comes into view. It is wielding a club.
The hobgoblin shouts!
Found a chain mail.
Found 10 gold pieces.
Found two stone staircases leading down.
A giant eyeball comes into view.
The yak barely misses you.
The electric eel shoots out a bolt of electricity!
The bolt of electricity hits you!
* * * LOW HITPOINT WARNING * * *
The electric eel shoots out a bolt of electricity!
The bolt of electricity misses you. The bolt of electricity hits you!
You die...

**,,,..#.....{≈≈≈≈≈,,,,,,,,,,,
***#### #.......≈≈≈≈≈,∩,,,,,, ,,,
*,*#...##....##.≈...., *,,,,,,,,,
,,#..Y...(...##.;..#,.#*,,,,,,,,,
,,..Y{............#*,.##,,,,,,,,,
, Y.≈....##......##*#.#..,,, ,,,,
,,..Y.##..###....###......,,,,,,,
,*.≈.,* #.#.#.....#.......,,,,,**
*##....##......#@.........,, ,,**
,...≈≈..).Y.#.###.g.....>>.,,, ,*
..≈≈..###..#.####Y........,,,,,,
,<.≈≈....#..#...#.Y........,,,,,,
,,..≈........Y...........$. ,,,,,
,, ,...........Y...........*,,,>,
,,,,.#.....................**,,,*
,,,,*##..#..#.#........... **,,,*
*,,,* ##.##.###...........** **,,


You could see 2 yaks, an electric eel and a hobgoblin.

Vanquished Creatures
  The ghost of Antunes the Charlatan, an experienced HOAr of Ashenzari (D:8)
  Pikel (D:6)
  A wyvern (D:8)
  Edmund (D:7)
  3 ice beasts
  3 slaves (D:6)
  4 centaurs
  A water moccasin (D:8)
  5 giant frogs
  Blork the orc (D:7)
  A gnoll sergeant (D:9)
  9 wights
  A centaur zombie (D:6)
  8 crimson imps
  A goliath beetle (D:6)
  2 giant frog zombies
  The ghost of mopl the Magician, a weakling DEWz (D:3)
  5 jellies
  2 centaur skeletons (D:6)
  2 giant frog skeletons
  3 orc priests
  7 worker ants
  5 hounds
  2 orc wizards
  2 iguanas
  A scorpion (D:5)
  A killer bee zombie (D:7)
  A hound skeleton (D:8)
  A mummy (D:8)
  An ogre skeleton (D:6)
  A spectral human (D:7)
  11 adders
  11 gnolls
  2 worms
  A giant mite (D:2)
  An adder zombie (D:8)
  An iguana skeleton (D:7)
  An adder skeleton (D:4)
  2 giant geckos
  8 oozes
  16 orcs
  A giant cockroach (D:3)
  14 hobgoblins
  7 quokkas
  3 ball pythons
  9 bats
  8 giant newts
  A giant newt skeleton (D:4)
  2 giant spores
  8 goblins
  A hobgoblin zombie (D:7)
  4 jackals (D:7)
  12 kobolds
  2 kobold skeletons (D:7)
  An orc skeleton (D:9)
  12 rats
  2 rat skeletons
  A ballistomycete (D:7)
220 creatures vanquished.

Vanquished Creatures (others)
  A centaur (D:5)
  A worker ant (D:5)
  A gnoll (D:5)
  An adder (D:5)
  A rat (D:5)
5 creatures vanquished.

Grand Total: 225 creatures vanquished

Notes
Turn   | Place    | Note
--------------------------------------------------------------
     0 | D:1      | Kae, the Spriggan Enchanter, began the quest for the Orb.
     0 | D:1      | Reached XP level 1. HP: 9/9 MP: 4/4
   225 | D:1      | Reached XP level 2. HP: 8/13 MP: 4/6
   229 | D:1      | Learned a level 2 spell: Ensorcelled Hibernation
   870 | D:1      | Reached skill level 4 in Stealth
  1424 | D:2      | Reached XP level 3. HP: 16/16 MP: 9/9
  1617 | D:2      | Found a sparkling altar of Nemelex Xobeh.
  2256 | D:3      | Noticed mopl's ghost (weakling DEWz)
  2560 | D:3      | Reached XP level 4. HP: 17/21 MP: 8/12
  2708 | D:3      | Reached skill level 5 in Stealth
  2894 | D:3      | Learned a level 3 spell: Confuse
  2938 | D:3      | Killed mopl's ghost
  3172 | D:3      | Reached XP level 5. HP: 24/24 MP: 7/14
  3260 | D:4      | Found a burning altar of Makhleb.
  3503 | D:4      | Reached skill level 6 in Stealth
  3696 | D:4      | Noticed a cacodemon
  3699 | D:4      | Found a glowing silver altar of Zin.
  3699 | D:4      | Noticed an angel
  3889 | D:5      | Entered Level 5 of the Dungeon
  3903 | D:5      | Noticed a centaur
  3919 | D:5      | Killed a centaur
  3919 | D:5      | Reached XP level 6. HP: 11/28 MP: 6/18
  3928 | D:5      | Killed a centaur
  4148 | D:5      | Reached skill level 7 in Stealth
  4148 | D:5      | Reached skill level 5 in Hexes
  4365 | D:5      | Reached XP level 7. HP: 24/32 MP: 12/20
  4544 | D:5      | Found a shimmering altar of Xom.
  4611 | D:5      | Noticed an ice beast
  4619 | D:5      | Killed an ice beast
  4619 | D:5      | Reached skill level 5 in Short Blades
  4619 | D:5      | Reached skill level 8 in Stealth
  5283 | D:6      | Reached XP level 8. HP: 36/36 MP: 20/23
  5292 | D:6      | Reached skill level 9 in Stealth
  5448 | D:6      | Reached skill level 5 in Spellcasting
  5599 | D:6      | Found Elushila's Gadget Emporium.
  5632 | D:6      | Noticed Pikel
  5646 | D:6      | Killed Pikel
  5646 | D:6      | Reached skill level 10 in Stealth
  6041 | D:7      | Noticed Blork the orc
  6440 | D:7      | Noticed Edmund
  6463 | D:7      | Killed Edmund
  6463 | D:7      | Reached XP level 9. HP: 18/39 MP: 9/25
  6725 | D:7      | Found a staircase to the Ecumenical Temple.
  6740 | Temple   | Entered the Ecumenical Temple
  6825 | D:7      | Found an iron altar of Okawaru.
  6826 | D:7      | Found a bloodstained altar of Trog.
  6870 | D:7      | Found a radiant altar of Vehumet.
  6878 | D:7      | Became a worshipper of Vehumet
  6951 | D:7      | Reached skill level 11 in Stealth
  6957 | D:7      | Killed Blork the orc
  7649 | D:7      | Found a basalt altar of Yredelemnul.
  7692 | D:8      | Reached skill level 12 in Stealth
  7740 | D:8      | Acquired Vehumet's first power
  7740 | D:8      | Offered knowledge of Magic Dart by Vehumet.
  7797 | D:8      | Noticed Antunes' ghost (experienced HOAr)
  7818 | D:8      | Killed Antunes' ghost
  8196 | D:8      | Reached XP level 10. HP: 34/44 MP: 17/28
  8475 | D:8      | Reached skill level 13 in Stealth
  8977 | D:9      | Found a sparkling altar of Nemelex Xobeh.
  9231 | D:9      | Offered knowledge of Searing Ray by Vehumet.
  9610 | D:9      | Found a staircase to the Lair.
  9618 | D:9      | You fall through a shaft!
  9618 | D:12     | Noticed Joseph
  9714 | D:11     | Killed from afar by an electric eel

Action                   |  1- 3 |  4- 6 |  7- 9 | 10-12 || total
-------------------------+-------+-------+-------+-------++-------
Melee: Dagger            |   115 |    96 |   315 |    86 ||   612
Throw: Dart              |       |       |     1 |     1 ||     2
 Cast: Corona            |     9 |       |       |       ||     9
       Ensorcelled Hiber |     9 |    40 |    91 |    30 ||   170
       Confuse           |       |     3 |    21 |     6 ||    30
Evoke: Wand              |       |       |       |     4 ||     4
  Use: Potion            |       |     1 |       |       ||     1
       Scroll            |       |       |       |    20 ||    20
 Stab: Sleeping          |    16 |    40 |    67 |    23 ||   146
       Confused          |       |     2 |    16 |     5 ||    23
       Distracted        |       |       |     1 |       ||     1
